 Dungeon Crawl Stone Soup version 0.28-a0-313-gbc0475efdd (webtiles) character file.

Game seed: 3381799934614901072

80 rabbitsville the Grasshopper (level 3, -3/26 (29) HPs)
             Began as a Demigod Warper on Aug 31, 2021.
             Slain by an orc wizard (6 damage)
             ... on level 4 of the Dungeon.
             The game lasted 00:12:52 (4288 turns).

rabbitsville the Grasshopper (Demigod Warper)       Turns: 4288, Time: 00:12:52

HP:   -3/26 (29)    AC:  2    Str: 16    XL:     3   Next: 98%
MP:   8/8           EV: 12    Int: 15    God:
Gold: 131           SH:  0    Dex: 13    Spells: 3/5 levels left

rFire   . . .      SeeInvis .   a - +0 short sword
rCold   . . .      Faith    .   (no shield)
rNeg    + . .      Spirit   .   g - +0 robe
rPois   .          Reflect  .   (no helmet)
rElec   .          Harm     .   (no cloak)
rCorr   .          Rampage  .   (no gloves)
Will    .....                   (no boots)
Stlth   +.........              (no amulet)
HPRegen 0.08/turn               p - ring of positive energy
MPRegen 0.11/turn               (no ring)

@: confused, mighty, heavily drained
A: high mp 1, forlorn
a: no special abilities


You were on level 4 of the Dungeon.
You visited 1 branch of the dungeon, and saw 4 of its levels.

You collected 131 gold pieces.

Inventory:

Hand Weapons
 a - a +0 short sword (weapon)
Missiles
 d - 5 boomerangs of dispersal (quivered)
Armour
 b - a +0 leather armour
 g - a +0 robe (worn)
Jewellery
 p - a ring of positive energy (left hand)
 r - a ring of fire
Wands
 h - a wand of charming (4)
Scrolls
 c - 2 scrolls of blinking
 e - a scroll of fear {unknown}
 f - a scroll of noise
 j - a scroll of acquirement
 k - a scroll of immolation {unknown}
 l - a scroll of amnesia
 m - a scroll of teleportation {unknown}
 s - a scroll of enchant armour {unknown}
 t - a scroll of torment {unknown}
Potions
 i - 2 potions of might
 n - 2 potions of curing {unknown}
 o - a potion of invisibility {unknown}
 q - a potion of flight


   Skills:
 - Level 1.7 Fighting
 + Level 3.1 Short Blades
 - Level 0.8 Throwing
 - Level 0.8 Armour
 - Level 1.7 Dodging
 - Level 1.7 Spellcasting
 + Level 3.7 Translocations


You had 3 spell levels left.
You knew the following spells:

 Your Spells              Type           Power      Damage    Failure   Level
a - Blink                 Tloc           N/A        N/A       8%          2

Your spell library contained the following spells:

 Spells                   Type           Power      Damage    Failure   Level
 Gell's Gravitas          Tloc           6%         N/A       14%         3
 Lesser Beckoning         Tloc           12%        N/A       14%         3
 Teleport Other           Tloc           12%        N/A       14%         3
 Conjure Flame            Conj/Fire      1%         6-21      56%         3
 Ignite Poison            Fire/Tmut/Pois 1%         N/A       56%         3
 Mephitic Cloud           Conj/Pois/Air  1%         N/A       56%         3
 Manifold Assault         Tloc           12%        N/A       80%         5
 Sticky Flame             Conj/Fire      1%         2d3       92%         4
 Bolt of Magma            Conj/Fire/Erth 0%         4d4       99%         5


Dungeon Overview and Level Annotations

Branches:
Dungeon (4/15)
 Temple: D:4-7

Shops:
D:1 [(((   D:2 (

Annotations:
D:3 Jessica, Robin, Terence


Innate Abilities, Weirdness & Mutations

Your attributes grow dramatically as you level up.
You have an increased reservoir of magic. (+10% MP)
You shall have no god before yourself.


Message History

The goblin is severely wounded.
The goblin no longer looks unusually strong.
The goblin barely misses you.
You hit the goblin.
You kill the goblin!
Things that are here:
a +0 club; a goblin corpse An adder skeleton comes into view.
Things that are here:
a +0 club; a goblin corpse
There is a stone staircase leading up here.
t - a scroll labelled VOACOM TEKK An orc wizard comes into view.
It is wielding a +2 dagger of draining.
An orc comes into view. It is wielding a +0 hand axe.
The orc wizard gestures at you while chanting.
The magic dart hits you!
An orc comes into view. It is wielding a +0 whip.
The orc shouts! x2
It was a potion of might.
You feel very mighty all of a sudden.
Found a stone staircase leading up.
The orc wizard hits you with a +2 dagger of draining.
* * * LOW HITPOINT WARNING * * *
You partially resist.
You feel drained.
An orc priest comes into view. It is wielding a +0 flail.
The orc wizard hits you with a +2 dagger of draining.
* * * LOW HITPOINT WARNING * * *
You partially resist.
You feel drained.
You puncture the orc wizard!
The orc wizard is severely wounded.
The orc wizard hits you with a +2 dagger of draining.
* * * LOW HITPOINT WARNING * * *
You partially resist.
You feel drained.
You barely miss the orc wizard.
The orc wizard is severely wounded.
The orc wizard points at you and mumbles some strange words.
You are confused.
The orc barely misses you. x2
The orc wizard hits you with a +2 dagger of draining.
You die...

#.........#
#.........###+###
#................
#................
#................
#................
#........o.......
#........o.......
##+####+##......@o...o..<.
..................#####...
..................# .
..................#
..................#
..................#
####+##############


You could see an orc priest, an orc wizard and 2 orcs.

Vanquished Creatures
  3 adders
  A dart slug (D:1)
  4 ball pythons
  4 bats
  5 endoplasms
  A giant cockroach (D:2)
  9 goblins
  4 hobgoblins
  2 quokkas
  3 frilled lizards
  7 kobolds
  5 rats
48 creatures vanquished.

Notes
Turn   | Place    | Note
-------+----------+-------------------------------------------
     0 | D:1      | rabbitsville the Demigod Warper began the quest for the
                  | Orb.
     0 | D:1      | Reached XP level 1. HP: 17/17 MP: 5/5
    45 | D:1      | Found Vius's Antique Armour Shop.
    64 | D:1      | Found Inoitsyla's Weapon Boutique.
   616 | D:1      | Found Ryoc's Weapon Boutique.
   696 | D:1      | Found Voofoal's Weapon Shop.
   738 | D:1      | Reached XP level 2. HP: 24/24 MP: 7/7
  1722 | D:2      | Found Feareat's Antique Weapon Emporium.
  1809 | D:2      | Reached XP level 3. HP: 7/29 MP: 8/8
  2100 | D:2      | Identified a scroll of acquirement
  2889 | D:2      | Learned a level 2 spell: Blink
  3385 | D:3      | Noticed Terence
  4215 | D:3      | Noticed Jessica
  4222 | D:3      | Noticed Robin
  4288 | D:4      | Slain by an orc wizard

Illustrated notes

Levels and vault maps discovered:
D:1:      scummos_arrival_simple_crosswalls, layout_basic, serial_shops,
          nicolae_shop_temple_entry_statues_fountains, nicolae_lakefront_shop,
          shop, nicolae_shop_waterfront, minmay_box_of_dots
D:2:      layout_basic, basic_ecumenical_altar, serial_shops,
          nicolae_square_shop
D:3:      layout_loops_cross, grunt_decor_one_mirror, uniq_terence, uniq_robin,
          uniq_jessica
D:4:      layout_gridville, cheibrodos_sewer_entry_drain

Skill      XL: |  1  2  3 |
---------------+----------+-----
Short Blades   | 2 3 |  3.1
Translocations | 3 |  3.7
Fighting       | |  1.7
Throwing       | |  0.8
Armour         | |  0.8
Dodging        | |  1.7
Spellcasting   | |  1.7

Action                   || total
-------------------------++-------
Melee: Short sword       ||   199
  Use: Potion            ||     4
       Scroll            ||     4
Armor: Leather armour    ||    31
       Skin              ||     4
       Robe              ||    16
Dodge: Dodged            ||   121

Table legend: (Time is in decaauts)
 A = Elapsed time spent in this place.
 B = Non-inter-level travel time spent in this place.
 C = Inter-level travel time spent in this place.
 D = Time resting spent in this place.
 E = Time spent auto-exploring this place.
 F = Levels seen in this place.
 G = Mean time per level.
                   A        B        C        D        E       F      G
               +--------+--------+--------+--------+--------+-----+--------+
         Total |   4284 |   4183 |    101 |    958 |   2138 |   4 | 1071.0 |
       Dungeon |   4284 |   4183 |    101 |    958 |   2138 |   4 | 1071.0 |
               +--------+--------+--------+--------+--------+-----+--------+

Top non-repeatable levels by time:
     D:2: 1771 daAuts
     D:1: 1693 daAuts
     D:3: 774 daAuts
     D:4: 44 daAuts
